AoeStats
← Malelf

Fortress

508501937Analyzed
4v4 RM · 8d ago on Sep 22, 2026· 81m 38s· 8 players
Game mode
Random Map
Map size
Huge
Population
200
Speed
Normal
Resources
Standard
Victory
Conquest
Starting age
Dark Age
Ending age
Imperial Age
RankedLock teamsTeams togetherTeam positionsShared explorationLock speedFull tech treeHidden civsTurbo modeCheats
Victory
Defeat
🇮🇹 Italians · Italy
1696
+13
🇦🇷 Bulgarians · Argentina
1663
+14
1642
+15
🇮🇹 Saxons · Italy
1608
+16
🇩🇪 Spanish · Germany
1833
-22
🇷🇺 Varangians · Russia
1674
-16
🇩🇪 Danes · Germany
1548
-12
🇭🇷 Danes · Croatia
1438
-8
Rex Caedis
4:20 Loom
7:42 Feudal Age
11:27 Castle Age
9:39 Double-Bit Axe
9:50 Horse Collar
12:27 Bow Saw
12:18 Heavy Plow
14:10 Wheelbarrow
17:50 Wheelbarrow
18:06 Loom
18:07 Town Watch
21:32 Husbandry
21:42 Bloodlines
23:12 Gold Mining
23:13 Stone Mining
24:50 Padded Archer Armor
27:27 Imperial Age
26:18 Hand Cart
26:36 Leather Archer Armor
28:48 Stone Shaft Mining
27:51 Elite Conquistador
29:15 Ring Archer Armor
29:44 Fletching
30:56 Chemistry
30:16 Ballistics
30:06 Masonry
30:26 Conscription
30:08 Elite Skirmisher
30:53 Thumb Ring
31:36 Bodkin Arrow
33:33 Bracer
36:44 Murder Holes
38:22 Scale Mail Armor
38:32 Forging
39:14 Hoardings
39:11 Architecture
39:42 Two-Man Saw
39:38 Caravan
39:17 Pikeman
40:17 Chain Mail Armor
41:21 Iron Casting
40:08 Halberdier
40:49 Squires
41:47 Coinage
41:27 Guilds
43:23 Plate Mail Armor
43:53 Blast Furnace
42:52 Arson
47:50 Supremacy
49:03 Supremacy
49:54 Bombard Tower
52:16 Light Cavalry
53:02 Scale Barding Armor
53:05 Hussar
54:14 Fortified Wall
55:03 Chain Barding Armor
57:55 Plate Barding Armor
64:54 Banking
65:15 Gambesons
65:45 Man-at-Arms
66:38 Long Swordsman
67:33 Two-Handed Swordsman
68:15 Capped Ram
68:43 Cavalier
69:17 Champion
72:41 Paladin
Benni
7:37 Feudal Age
11:36 Castle Age
9:27 Double-Bit Axe
9:24 Horse Collar
16:21 Bow Saw
20:05 Wheelbarrow
19:16 Loom
19:52 Scale Mail Armor
20:16 Squires
20:02 Arson
22:46 Chain Mail Armor
24:25 Heavy Plow
25:07 Hand Cart
25:22 Gold Mining
29:09 Imperial Age
27:21 Stone Mining
28:58 Forging
29:16 Onager
30:28 Plate Mail Armor
30:20 Conscription
29:41 Northmen's Fury
31:26 Iron Casting
31:41 Siege Engineers
31:10 Siege Onager
34:04 Coinage
35:12 Blast Furnace
35:05 Conscription
35:49 Banking
36:03 Elite Jomsviking
38:29 Caravan
43:17 Capped Ram
44:53 Siege Ram
45:53 Town Watch
47:08 Fletching
47:43 Ballistics
48:24 Chemistry
47:35 Masonry
49:25 Bodkin Arrow
52:11 Bracer
54:46 Town Patrol
58:34 Hoardings
69:04 Hamask
80:00 Devotion
FarI
2:21 Loom
7:26 Feudal Age
8:20 Double-Bit Axe
11:18 Castle Age
9:08 Horse Collar
16:46 Wheelbarrow
18:03 Hand Cart
20:36 Scale Barding Armor
20:45 Forging
26:24 Imperial Age
24:10 Fletching
24:41 Bow Saw
25:11 Bodkin Arrow
25:37 Chain Barding Armor
24:42 Elite Skirmisher
27:06 Bracer
27:35 Ballistics
28:15 Chemistry
28:17 Chain Barding Armor
28:06 Padded Archer Armor
29:45 Bloodlines
29:35 Husbandry
30:12 Leather Archer Armor
34:40 Plate Barding Armor
34:40 Iron Casting
34:38 Light Cavalry
36:03 Ring Archer Armor
35:44 Cavalier
36:13 Hussar
37:24 Heavy Plow
37:19 Loom
38:53 Crop Rotation
41:10 Blast Furnace
42:43 Coinage
44:52 Caravan
47:41 Conscription
49:35 Siege Engineers
51:03 Guilds
57:49 Cavalier
59:08 Cavalier
62:40 Two-Man Saw
70:45 Banking
76:02 Murder Holes
78:37 Scale Mail Armor
80:50 Devotion
Rumpel the Idle
7:22 Feudal Age
11:07 Castle Age
9:25 Double-Bit Axe
9:22 Horse Collar
9:33 Loom
15:56 Gold Mining
17:51 Wheelbarrow
24:12 Imperial Age
25:20 Conscription
30:48 Pikeman
31:28 Squires
30:49 Elite Varangian Guard
31:18 Arson
32:14 Halberdier
33:03 Scale Mail Armor
33:14 Forging
37:36 Chain Mail Armor
38:03 Iron Casting
40:05 Plate Mail Armor
40:36 Blast Furnace
39:27 Elite Skirmisher
49:43 Hand Cart
50:18 Heavy Plow
50:24 Caravan
63:48 Thumb Ring
64:17 Fletching
64:28 Padded Archer Armor
70:27 Bow Saw
74:44 Onager
74:45 Heavy Scorpion
75:54 Capped Ram
80:24 Siege Ram
80:50 Siege Onager
Malelf
8:33 Feudal Age
12:24 Castle Age
10:10 Double-Bit Axe
10:10 Horse Collar
10:49 Gold Mining
13:21 Bow Saw
13:11 Heavy Plow
13:49 Wheelbarrow
20:34 Loom
25:06 Imperial Age
22:56 Hand Cart
22:41 Fletching
23:26 Bodkin Arrow
24:06 Scale Mail Armor
24:17 Forging
24:48 Gold Shaft Mining
24:07 Stone Mining
24:37 Squires
26:04 Chain Mail Armor
26:25 Iron Casting
26:14 Conscription
25:19 Capped Ram
27:27 Plate Mail Armor
26:44 Siege Ram
28:40 Guilds
31:06 Two-Man Saw
30:11 Bracer
30:27 Padded Archer Armor
31:31 Chemistry
31:36 Masonry
35:21 Crop Rotation
37:09 Cranequins
37:56 Thumb Ring
38:23 Caravan
39:34 Heavy Mounted Crossbowman
42:00 Bloodlines
41:51 Husbandry
44:43 Light Cavalry
46:22 Scale Barding Armor
46:50 Leather Archer Armor
47:58 Architecture
47:34 Siege Engineers
47:50 Ballistics
47:53 Chain Barding Armor
47:25 Hussar
50:16 Ring Archer Armor
54:58 Hoardings
69:12 Elite Varangian Guard
70:19 Shield Wall
74:53 Clerical Recruitment
77:00 Block Printing
77:10 Illumination
76:47 Atonement
77:07 Sanctity
77:24 Theocracy
77:00 Redemption
FutureEwe5582
7:22 Feudal Age
8:54 Double-Bit Axe
11:15 Castle Age
9:06 Horse Collar
12:12 Wheelbarrow
12:17 Bow Saw
22:04 Loom
25:57 Imperial Age
23:15 Town Watch
23:32 Fletching
23:48 Scale Barding Armor
25:06 Chain Barding Armor
24:56 Forging
24:50 Heavy Plow
25:27 Bloodlines
25:18 Husbandry
25:19 Stirrups
26:26 Iron Casting
25:47 Bodkin Arrow
26:47 Hand Cart
26:37 Gold Mining
26:37 Stone Mining
27:19 Crop Rotation
27:42 Conscription
26:56 Light Cavalry
28:15 Gold Shaft Mining
28:40 Plate Barding Armor
29:10 Blast Furnace
28:21 Elite Konnik
32:56 Squires
32:41 Arson
34:16 Coinage
37:05 Hussar
39:10 Caravan
42:27 Bracer
42:48 Ballistics
43:29 Chemistry
52:44 Town Patrol
61:54 Banking
67:18 Scale Mail Armor
69:41 Chain Mail Armor
72:24 Plate Mail Armor
78:51 Pikeman
81:16 Halberdier
Dott_Berlu
7:52 Feudal Age
9:14 Double-Bit Axe
11:43 Castle Age
9:27 Horse Collar
12:43 Bow Saw
12:33 Heavy Plow
14:19 Wheelbarrow
14:16 Loom
18:14 Fletching
19:05 Bodkin Arrow
20:33 Gold Mining
21:41 Ballistics
26:17 Imperial Age
25:23 Thumb Ring
25:19 Padded Archer Armor
25:57 Hand Cart
25:30 Town Watch
27:12 Leather Archer Armor
27:02 Bracer
28:05 Chemistry
27:53 Conscription
27:57 Stone Mining
29:04 Leather Archer Armor
28:27 Elite Genoese Crossbowman
30:46 Two-Man Saw
30:17 Crop Rotation
30:25 Ring Archer Armor
32:03 Hoardings
33:16 Silk Road
34:45 Fortified Wall
34:15 Treadmill Crane
34:46 Masonry
37:49 Architecture
39:34 Caravan
40:45 Scale Barding Armor
40:51 Forging
41:24 Bloodlines
41:14 Husbandry
40:36 Cavalier
42:00 Chain Barding Armor
41:17 Light Cavalry
44:05 Plate Barding Armor
44:06 Iron Casting
48:17 Blast Furnace
49:41 Hussar
56:56 Pirotechnia
66:49 Squires
66:49 Scale Mail Armor
68:35 Chain Mail Armor
70:39 Plate Mail Armor
71:14 Coinage
trói em vào cột điện
7:00 Feudal Age
10:45 Castle Age
8:34 Double-Bit Axe
9:15 Horse Collar
12:43 Bow Saw
14:09 Wheelbarrow
14:51 Fletching
17:04 Bodkin Arrow
18:40 Loom
21:23 Ballistics
22:26 Heavy Plow
26:13 Imperial Age
24:42 Padded Archer Armor
26:30 Hand Cart
26:38 Thumb Ring
27:08 Bracer
29:10 Chemistry
28:43 Conscription
29:13 Husbandry
29:29 Cranequins
29:49 Heavy Mounted Crossbowman
32:00 Leather Archer Armor
31:37 Elite Skirmisher
34:46 Ring Archer Armor
35:36 Caravan
36:15 Gold Mining
36:58 Scale Mail Armor
37:08 Forging
37:09 Siege Engineers
37:15 Masonry
37:22 Town Watch
36:59 Capped Ram
37:55 Siege Ram
38:59 Onager
40:25 Chain Mail Armor
40:45 Iron Casting
40:24 Bloodlines
42:49 Guard Tower
42:44 Arrowslits
43:31 Plate Mail Armor
44:02 Blast Furnace
42:57 Siege Onager
44:47 Scale Barding Armor
48:20 Hoardings
48:44 Gold Shaft Mining
48:00 Stone Mining
48:37 Northmen's Fury
54:51 Chain Barding Armor
55:13 Hamask
56:27 Elite Jomsviking
60:26 Squires
60:12 Arson
60:13 Gambesons
62:04 Elite Varangian Guard
67:57 Plate Barding Armor
Connection lost

Rejoining the realm…

Still unreachable

The connection could not be restored.

Session expired

The server has moved on; the page needs a fresh start.